 Dungeon Crawl Stone Soup version 0.28-a0-514-g0d7ab7f379 (webtiles) character file.

Game seed: 1338403966594726122

22224 wakim the Bludgeoner (level 12, 0/107 HPs)
             Began as a Palentonga Fighter on Sept 22, 2021.
             Was a Believer of Qazlal.
             Slain by a cane toad (7 damage)
             ... on level 2 of the Lair of Beasts.
             The game lasted 00:56:54 (18838 turns).

wakim the Bludgeoner (Palentonga Fighter)          Turns: 18838, Time: 00:56:55

Health: 0/107      AC: 22    Str: 23    XL:     12   Next: 61%
Magic:  17/17      EV:  5    Int: 11    God:    Qazlal [**....]
Gold:   808        SH:  0    Dex: 12    Spells: 11/11 levels left

rFire   + . .      SeeInvis +   b - +2 morningstar
rCold   . . .      Faith    .   f - +0 buckler
rNeg    . . .      Spirit   .   q - +0 plate armour
rPois   .          Reflect  .   m - +2 helmet
rElec   +          Harm     .   (no cloak)
rCorr   +          Rampage  .   j - +0 pair of gloves
Will    +....                   (no barding)
Stlth   ..........              (no amulet)
HPRegen 0.27/turn               n - ring of Ophiwnae {Wiz Will+}
MPRegen 0.15/turn               p - ring of the Good {rElec rF+ rCorr Int+3}

@: confused, ambrosia-drunk, curled up
A: large, rugged brown scales 3, see invisible, deformed body, roll 1, armoured
tail, reflexive curl
a: Rolling Charge, Renounce Religion, Upheaval


You were on level 2 of the Lair of Beasts.
You worshipped Qazlal.
Qazlal was pleased with you.
You visited 3 branches of the dungeon, and saw 14 of its levels.
You also visited: Ossuary and Gauntlet.

You collected 808 gold pieces.

Inventory:

Hand Weapons
 a - a +1 morningstar of holy wrath
 b - a +2 morningstar (weapon)
 c - a +0 whip of flaming
Missiles
 e - 50 poisoned darts
 k - 3 throwing nets {=f!f}
Armour
 d - +0 swamp dragon scales
 f - a +0 buckler (worn)
 i - a +0 cloak
 j - a +0 pair of gloves (worn)
 m - a +2 helmet (worn)
 q - a +0 plate armour (worn)
Jewellery
 g - a +4 ring of evasion
 h - a ring of ice
 l - a ring of positive energy
 n - the ring of Ophiwnae (left hand) {Wiz Will+}
   (You acquired it on level 11 of the Dungeon)

   [ring of wizardry]

   It improves your spell success rate.
   Will:      It increases your willpower.
 o - a +6 ring of intelligence
 p - the ring of the Good (right hand) {rElec rF+ rCorr Int+3}
   (You acquired it on level 5 of the Dungeon)

   [ring of protection from fire]

   Int:       It affects your intelligence (+3).
   rF:        It protects you from fire.
   rElec:     It insulates you from electricity.
   rCorr:     It protects you from acid and corrosion.
Wands
 t - a wand of digging (4)
 u - a wand of mindburst (11)
 x - a wand of iceblast (5)
 y - a wand of paralysis (4)
 z - a wand of polymorph (25)
Scrolls
 s - a scroll of enchant weapon
 w - a scroll of noise {unknown}
 C - a scroll of holy word {unknown}
 Q - a scroll of immolation {!r!r}
 R - a scroll of magic mapping {!r}
 T - 9 scrolls of teleportation
 U - a scroll of fear
 X - 2 scrolls of fog
 Y - 2 scrolls of blinking {!r}
Potions
 r - a potion of invisibility {unknown}
 B - a potion of attraction {!q}
 D - a potion of brilliance
 F - 4 potions of curing
 H - a potion of haste
 K - a potion of magic
 L - 4 potions of lignification {!q}
 N - 5 potions of might


   Skills:
 + Level 11.2 Fighting
 * Level 15.2 Maces & Flails
 + Level 6.4 Armour
 + Level 2.1 Dodging
 - Level 2.4 Shields
 + Level 6.8 Invocations
 + Level 2.5 Evocations


You had 11 spell levels left.
You didn't know any spells.
Your spell library contained the following spells:

 Spells                   Type           Power      Damage    Failure   Level
 Pain                     Necr           0%         1d4       89%         1
 Corpse Rot               Necr/Air       N/A        N/A       96%         2
 Scorch                   Fire           0%         2d5       96%         2
 Static Discharge         Conj/Air       0%         N/A       96%         2
 Dispel Undead            Necr           0%         3d6       100%        4
 Flame Wave               Conj/Fire      0%         3d3       100%        4
 Passage of Golubria      Tloc           N/A        N/A       100%        4
 Sticky Flame             Conj/Fire      0%         2d3       100%        4
 Summon Ice Beast         Ice/Summ       0%         N/A       100%        4
 Borgnjor's Vile Clutch   Necr/Erth      0%         N/A       100%        5
 Silence                  Hex/Air        0%         N/A       100%        5
 Summon Mana Viper        Hex/Summ       0%         N/A       100%        5
 Conjure Ball Lightning   Conj/Air       0%         3x3d6     100%        6
 Summon Cactus Giant      Summ           0%         N/A       100%        6
 Monstrous Menagerie      Summ           0%         N/A       100%        7
 Discord                  Hex            0%         N/A       100%        8
 Disjunction              Tloc           0%         N/A       100%        8
 Infestation              Necr           0%         N/A       100%        8
 Lehudib's Crystal Spear  Conj/Erth      0%         10d2      100%        8


Dungeon Overview and Level Annotations

Branches:
Dungeon (11/15)            Temple (1/1) D:7            Lair (2/6) D:11
  Swamp (0/4) Lair:2      Ossuary (visited)         Gauntlet (visited)
  Snake: Lair:2-4    Spider: Lair:2-4       Orc: D:9-12

Altars:
Ashenzari
Cheibriados
Dithmenos
Elyvilon
Fedhas
Gozag
Hepliaklqana
Kikubaaqudgha
Makhleb
Nemelex Xobeh
Okawaru
Qazlal
Ru
Sif Muna
Trog
Uskayaw
Vehumet
Wu Jian
Xom
Yredelemnul
Zin
The Shining One
Lugonu

Shops:
D:3 *

Annotations:
D:3 1 runed translucent door, Crazy Yiuf
D:7 2 transporters


Innate Abilities, Weirdness & Mutations

You are completely covered in rugged brown scales. (AC +3, +7% HP)
You have supernaturally acute eyesight. (SInv)
Armour fits poorly on your strangely shaped body.
You can roll at nearby foes to attack.
You have a long armoured tail.
You curl defensively after being hit.


Message History

Your surroundings suddenly seem different.
You start resting.
A cane toad is nearby!
Unknown command.
A wolf comes into view.
The wolf howls!
The wolf moves out of view.
A wolf comes into view.
The wolf moves out of view.
You hit the wolf.
The wolf is lightly wounded.
The wolf splashes around in the water.
You closely miss the wolf.
The wolf is lightly wounded.
The wolf barely misses you.
Really read
Y - 3 scrolls of blinking {!r}?
Blink to where?
Press: ? - help, Dir - move target
As you read the scroll of blinking {!r}, it crumbles to dust.
The wolf bites you.
* * * LOW HITPOINT WARNING * * *
The wolf bites you.
* * * LOW HITPOINT WARNING * * *
There is a stone staircase leading up, spattered with blood here.
You are confused.
You feel invigorated. The wolf barely misses you.
The wolf is engulfed in freezing vapours.
The wolf completely misses you.
The wolf is engulfed in freezing vapours.
The wolf bites you but does no damage. The cane toad stings you!
* * * LOW HITPOINT WARNING * * *
You bump into the rock wall.
The wolf is engulfed in freezing vapours.
You kill the wolf!
Qazlal accepts your kill.
The cane toad stings you but does no damage.
You bump into the rock wall.
The cane toad stings you!
* * * LOW HITPOINT WARNING * * *
The cane toad stings you!
You die...

.. .....# ... P...#
... ##...#
.#.########....#
.#.............#
.##...#..###...##
.##..######P....##
.#....###P#....#.#
..#............F@#
.†>............°<#
.......#.###..####
.#...P######..#
.##...###.##.##..##
.##...##...........
..#..###.≈†≈≈≈≈≈≈..
.##..# #.≈≈≈≈≈≈≈≈.#
.....###.≈≈≈≈≈≈≈≈.P


You could see a cane toad.

Vanquished Creatures
  A hydra (D:8)
  Erolcha (D:11)
  Erica (Lair:1)
  4 two-headed ogres
  Pikel (D:7)
  2 ugly things
  Maurice (D:11)
  2 cane toads
  3 kobold demonologists
  An unseen horror (D:10)
  A komodo dragon (Lair:1)
  A troll (D:10)
  A hornet (D:9)
  5 blink frogs (Lair:1)
  A meliai zombie (D:11)
  A shadow (D:11)
  2 wyverns (Lair:1)
  Sigmund (D:6)
  31 yaks
  A steam dragon (D:8)
  Grum (D:10)
  4 water moccasins
  2 orc warriors
  An ice beast (D:7)
  3 sky beasts
  2 black bears
  4 necrophages
  20 wolves
  4 ogres (D:5)
  A boggart (D:9)
  3 lemures (D:7)
  3 centaurs
  2 kobold brigands
  An elf zombie (Ossuary)
  4 bullfrogs
  2 gnoll sergeants
  2 scorpions
  A water moccasin zombie (D:5)
  9 killer bees
  A water moccasin skeleton (D:5)
  11 wights
  2 electric eels
  3 howler monkeys (D:10)
  7 centaur zombies
  A human zombie (Ossuary)
  3 bullfrog skeletons
  4 hounds
  2 gnoll shamans
  3 orc priests (D:4)
  3 iguanas
  Natasha (thrice) (D:3)
  7 orc wizards
  A killer bee zombie (D:7)
  4 hound zombies
  A hound skeleton (D:4)
  3 mummies (Ossuary)
  Robin (D:3)
  15 gnolls
  6 adders
  A shadow imp (D:7)
  An ufetubus (D:5)
  An adder zombie (Ossuary)
  A worm (D:4)
  2 dart slugs
  43 orcs
  5 ball pythons
  8 endoplasms
  6 giant cockroaches
  11 goblins
  11 hobgoblins
  4 jackals
  8 quokkas
  A bat (D:1)
  A frilled lizard (D:3)
  3 goblin zombies (Ossuary)
  3 hobgoblin zombies (Ossuary)
  4 jackal zombies (Ossuary)
  11 kobolds
  4 kobold zombies (Ossuary)
  3 orc zombies (Ossuary)
  6 quokka zombies (Ossuary)
  A rat (D:1)
  2 rat zombies (Ossuary)
353 creatures vanquished.

Vanquished Creatures (collateral kills)
  An adder (D:5)
1 creature vanquished.

Vanquished Creatures (others)
  An orc wizard (D:5)
  17 demonic plants (Gauntlet)
  8 fungi
  8 plants
34 creatures vanquished.

Grand Total: 388 creatures vanquished

Notes
Turn   | Place    | Note
-------+----------+-------------------------------------------
     0 | D:1      | wakim the Palentonga Fighter began the quest for the Orb.
     0 | D:1      | Reached XP level 1. HP: 19/19 MP: 1/1
   227 | D:1      | Reached XP level 2. HP: 24/25 MP: 2/2
   382 | D:1      | You fall into a shaft and drop 1 floor!
   532 | D:2      | Reached skill level 3 in Maces & Flails
   633 | D:2      | Reached XP level 3. HP: 31/31 MP: 3/3
  1879 | D:3      | Found Ynenakoe's General Store.
  1929 | D:3      | Got Kikubaaqudgha's Catalogue of Necromancy
  1962 | D:3      | Found a faded altar of an unknown god.
  2068 | D:3      | Noticed Natasha
  2078 | D:3      | Killed Natasha
  2079 | D:3      | Reached XP level 4. HP: 17/39 MP: 4/4
  2153 | D:3      | Noticed Natasha
  2283 | D:3      | Reached skill level 4 in Maces & Flails
  2317 | D:3      | Noticed Robin
  2432 | D:3      | Killed Robin
  2600 | D:3      | Killed Natasha
  2601 | D:3      | Reached XP level 5. HP: 44/44 MP: 5/5
  2746 | D:3      | Found a runed translucent door.
  2747 | D:3      | Noticed Crazy Yiuf
  2811 | D:3      | Noticed Natasha
  2816 | D:3      | Killed Natasha
  3141 | D:4      | Reached skill level 5 in Maces & Flails
  3329 | D:4      | Reached XP level 6. HP: 38/52 MP: 6/6
  4032 | D:4      | Found a hide-covered altar of Uskayaw.
  4173 | D:5      | Entered Level 5 of the Dungeon
  4233 | D:5      | Identified a scroll of acquirement
  4233 | D:5      | Acquired the ring of the Good {rElec rF+ rCorr Int+3}
  4249 | D:5      | Reached skill level 6 in Maces & Flails
  4255 | D:5      | Reached skill level 5 in Fighting
  4262 | D:5      | Gained mutation: You curl defensively after being hit.
                  | [Palentonga growth]
  4262 | D:5      | Reached XP level 7. HP: 27/59 MP: 7/7
  4839 | D:5      | Reached skill level 7 in Maces & Flails
  5239 | D:5      | Found a glowing golden altar of the Shining One.
  5558 | D:5      | Reached XP level 8. HP: 68/68 MP: 8/8
  5685 | D:5      | Noticed a two-headed ogre
  5999 | D:5      | Found a white marble altar of Elyvilon.
  6006 | D:5      | Found a blossoming altar of Fedhas.
  6370 | D:5      | Reached skill level 8 in Maces & Flails
  6717 | D:5      | Found a radiant altar of Vehumet.
  7417 | D:6      | Reached skill level 9 in Maces & Flails
  7723 | D:5      | Reached XP level 9. HP: 16/72 MP: 9/9
  8104 | D:6      | Noticed Sigmund
  8311 | D:6      | Killed Sigmund
  8694 | D:7      | Noticed Pikel
  8741 | D:7      | Reached skill level 10 in Maces & Flails
  8780 | D:7      | Found a transporter.
  8782 | D:7      | Noticed a green ugly thing
  8782 | D:7      | Noticed a brown ugly thing
  8782 | D:7      | Noticed an unseen horror
  8784 | D:7      | Found a corrupted altar of Lugonu.
  8784 | D:7      | Found a transporter.
  8785 | D:7      | Noticed a purple ugly thing
  8864 | D:7      | Killed Pikel
  8865 | D:7      | Reached skill level 5 in Armour
  9228 | D:7      | Identified the +2 spear of the Lesser Evil {freeze, rElec
                  | rPois Str-5 Dex+6}
  9467 | D:7      | Found a staircase to the Ecumenical Temple.
  9474 | Temple   | Entered the Ecumenical Temple
  9679 | Temple   | Became a worshipper of Qazlal Stormbringer
  9761 | D:7      | Reached skill level 1 in Invocations
  9804 | D:8      | Noticed a six-headed hydra
  9855 | D:8      | Reached XP level 10. HP: 43/85 MP: 9/11
  9859 | D:8      | Noticed a white ugly thing
  9872 | D:7      | Reached skill level 11 in Maces & Flails
 10243 | D:7      | Killed a white ugly thing
 10313 | D:8      | Found an ornate altar of the Wu Jian Council.
 10319 | D:8      | Found a sand-covered staircase.
 10328 | Ossuary  | Entered an ossuary
 10605 | Ossuary  | Reached * piety under Qazlal
 11138 | D:8      | Found an ancient bone altar of Kikubaaqudgha.
 11475 | D:9      | Noticed Maggie
 11485 | D:9      | Noticed Maggie
 11485 | D:9      | Maggie changed into Maggie the wolf
 11486 | D:9      | Killed Maggie the wolf
 11526 | D:9      | Found a sparkling altar of Nemelex Xobeh.
 11526 | D:9      | Noticed a cyan ugly thing
 11549 | D:9      | Killed a cyan ugly thing
 11710 | D:9      | Reached ** piety under Qazlal
 11776 | D:8      | Killed a six-headed hydra
 11777 | D:8      | Reached skill level 12 in Maces & Flails
 11970 | D:9      | Noticed a two-headed ogre
 12019 | D:9      | Found a burning altar of Makhleb.
 12655 | D:9      | Killed a two-headed ogre
 12656 | D:9      | Reached XP level 11. HP: 93/95 MP: 9/14
 12720 | D:9      | Found a broken altar of Ashenzari.
 12810 | D:9      | Found a shimmering blue altar of Sif Muna.
 12895 | D:9      | Found a sparkling altar of Nemelex Xobeh.
 12954 | D:10     | Entered Level 10 of the Dungeon
 13289 | D:10     | Reached skill level 5 in Invocations
 13541 | D:10     | Found a shimmering altar of Xom.
 13853 | D:10     | Noticed a two-headed ogre
 13853 | D:10     | Noticed Grum
 13930 | D:10     | Killed a two-headed ogre
 13931 | D:10     | Reached skill level 13 in Maces & Flails
 14259 | D:10     | Killed Grum
 14584 | D:10     | Found a glowing silver altar of Zin.
 14742 | D:11     | Noticed Erolcha
 14742 | D:11     | Found a gate leading to a gauntlet.
 14760 | D:10     | Reached skill level 10 in Fighting
 14799 | D:11     | Noticed Maurice
 14805 | D:11     | Killed Maurice
 14936 | D:11     | Noticed a two-headed ogre
 14942 | D:11     | Killed a two-headed ogre
 14943 | D:11     | Reached skill level 14 in Maces & Flails
 14948 | D:11     | Acquired the ring of Ophiwnae {Wiz Will+}
 14997 | D:11     | Killed Erolcha
 15005 | Gauntlet | Entered a Gauntlet
 15005 | Gauntlet | Noticed a death scarab
 15005 | Gauntlet | Found a transporter.
 15005 | Gauntlet | Found a transporter.
 15005 | Gauntlet | Found a transporter.
 15074 | Gauntlet | Found a transporter.
 15077 | Gauntlet | Found a transporter.
 15088 | Gauntlet | Found a transporter.
 15091 | Gauntlet | Found a transporter.
 15095 | Gauntlet | Found a runed translucent door.
 15095 | Gauntlet | Noticed a blizzard demon
 15097 | Gauntlet | Found a runed translucent door.
 15099 | Gauntlet | Found a transporter.
 15117 | Gauntlet | Found a transporter.
 15130 | Gauntlet | Noticed a blizzard demon
 15134 | Gauntlet | Found a transporter.
 15137 | Gauntlet | Found a transporter.
 15147 | Gauntlet | Found a transporter.
 15435 | D:11     | Reached XP level 12. HP: 105/105 MP: 16/16
 15454 | D:11     | Found a staircase to the Lair.
 15952 | Lair:1   | Entered Level 1 of the Lair of Beasts
 15952 | Lair:1   | Noticed Erica
 15953 | Lair:1   | Paralysed by Erica for 6 turns
 15978 | Lair:1   | Killed Erica
 16321 | D:11     | Reached skill level 1 in Evocations
 16690 | D:11     | Reached skill level 1 in Dodging
 17108 | Lair:1   | Reached skill level 15 in Maces & Flails
 18802 | Lair:2   | Found a staircase to the Swamp.
 18834 | Lair:2   | HP: 5/107 [wolf (4)]
 18838 | Lair:2   | Slain by a cane toad

Illustrated notes

Levels and vault maps discovered:
D:1:      tarquinn_simple_flora_water_b, layout_rooms
D:2:      layout_basic
D:3:      layout_rooms, serial_shops, shop_statue,
          shapermc_ecumenical_altar_rom_forum, palyth_stone_intersect,
          uniq_robin, uniq_natasha, uniq_crazy_yiuf_cottage
D:4:      cheibrodos_helix_gallery, layout_loops_cross, lemuel_crystal_altar
D:5:      minmay_chambers_of_threes, layout_layer_cave,
          nicolae_vehumet_altar_sigil, nicolae_tso_carved_into_rock,
          amethyst_overflow_temple_binary
D:6:      layout_rooms, serial_park_tiny_2, uniq_sigmund
D:7:      gammafunk_corrupted_shrine, layout_loops_ring, temple_statues,
          uniq_pikel
D:8:      layout_cave_pools, mainiacjoe_overflow_alcove_2, lemuel_tele_altar,
          nicolae_ossuary_entry_ruins
D:9:      layout_basic, ashenzari_conservatory_becter, bloody_makhleb,
          kennysheep_little_box, hangedman_feature_mirror, uniq_maggie
D:10:     layout_gridville, mainiacjoe_overflow_boulevard, zin_scriptorium,
          kennysheep_crisscross, kennysheep_dice, uniq_grum
D:11:     layout_loops_cross, lair_entry_dummy, gauntlet_entry_generic,
          st_stairs_3, uniq_erolcha, uniq_maurice
Temple:   dpeg_chambers_temple
Lair:1:   wander_river, layout_big_grid, serial_bayou_shore_a, uniq_erica
Lair:2:   layout_gridlike, skrybe_swamp_entry_bodies

Skill      XL: |  1  2  3  4  5  6  7  8  9 10 11 12 |
---------------+-------------------------------------+-----
Maces & Flails | 3 4 5 6 7 9 10 12 14 15 | 15.2
Fighting       | 4 5 6 8 9 10 11 | 11.2
Armour         | 3 4 5 6 |  6.4
Invocations    | 1 4 6 |  6.8
Evocations     | 2 |  2.5
Dodging        | 2 |  2.1
Shields        | |  2.4

Action                   |  1- 3 |  4- 6 |  7- 9 | 10-12 || total
-------------------------+-------+-------+-------+-------++-------
Melee: Flail             |   125 |   174 |    38 |       ||   337
       Tailslap          |     8 |    20 |    41 |    98 ||   167
       Morningstar       |       |       |   293 |   616 ||   909
       Unarmed           |       |       |     6 |       ||     6
Invok: Upheaval          |       |       |       |    10 ||    10
 Abil: Rolling Charge    |    23 |    20 |    45 |    66 ||   154
Evoke: Wand              |       |       |       |    23 ||    23
  Use: Scroll            |       |     8 |     7 |    11 ||    26
       Potion            |       |       |     4 |     4 ||     8
Armor: Scale mail        |     5 |       |       |       ||     5
       Chain mail        |    54 |    48 |       |       ||   102
       Plate armour      |       |    53 |   206 |   337 ||   596
       Swamp dragon scal |       |       |       |    16 ||    16
Dodge: Dodged            |    27 |    26 |    50 |   158 ||   261
Block: Buckler           |    29 |    25 |    63 |   189 ||   306

Table legend: (Time is in decaauts)
 A = Elapsed time spent in this place.
 B = Non-inter-level travel time spent in this place.
 C = Inter-level travel time spent in this place.
 D = Time resting spent in this place.
 E = Time spent auto-exploring this place.
 F = Levels seen in this place.
 G = Mean time per level.
                   A        B        C        D        E       F      G
               +--------+--------+--------+--------+--------+-----+--------+
         Total |  18909 |  17463 |   1446 |   4509 |   9361 |  16 | 1181.8 |
       Dungeon |  15948 |  14563 |   1385 |   3443 |   8075 |  11 | 1449.8 |
        Temple |    213 |    201 |     12 |      0 |    177 |   1 |  213.0 |
          Lair |   2013 |   1964 |     49 |    846 |    797 |   2 | 1006.5 |
       Ossuary |    503 |    503 |      0 |    220 |    132 |   1 |  503.0 |
      Gauntlet |    229 |    229 |      0 |      0 |    180 |   1 |  229.0 |
               +--------+--------+--------+--------+--------+-----+--------+

Top non-repeatable levels by time:
     D:5: 3283 daAuts
    D:11: 1821 daAuts
     D:9: 1773 daAuts
     D:4: 1676 daAuts
  Lair:1: 1590 daAuts
    D:10: 1350 daAuts
     D:3: 1203 daAuts
     D:7: 1190 daAuts
     D:2: 1097 daAuts
     D:8: 999 daAuts
     D:1: 934 daAuts
     D:6: 618 daAuts
 Ossuary: 503 daAuts
  Lair:2: 423 daAuts
Gauntlet: 229 daAuts
